Cogmind - Beta 10.2 @@@ ROGUE MODE // 2021.11.26 @ 22:56:43 Player: DaddyWalrus Result: Destroyed by L-31 Rogue with Katana Performance ------------- Evolutions (1) 500 Regions Visited (3) 600 Robots Destroyed (88) 440 Value Destroyed (2625) 2625 Prototype IDs (4) 80 Alien Tech Used (0) 0 Bonus (453) 453 TOTAL SCORE: 4698 Bonus ------- High Alert Combat Kills 453 Cogmind --------- Core Integrity 0/400 Matter 178/300 Energy 280/280 System Corruption 4% Temperature Cool (0) Movement Treading (160) Location -9/Storage Parts ------- > --- POWER (1) -------- Heavy Ion Engine > --- PROPULSION (4) --- Light Treads Light Treads Light Treads Light Treads > --- UTILITY (2) ------ High-capacity Storage Unit Improved Signal Interpreter > --- WEAPON (2) ------- Mini Grenade Launcher Heavy Hammer > --- INVENTORY (12) --- Reinforced Ion Engine Light Treads Cooling System Light Armor Plating Drone Bay (2/2) Beam Rifle Beam Cannon Advanced Beam Cannon Advanced Beam Cannon Advanced Beam Cannon Heavy Assault Rifle Mini Grenade Launcher Peak State ------------ > --- POWER ------------ Heavy Ion Engine > --- PROPULSION ------- Light Treads Light Treads Light Treads Light Treads > --- UTILITY ---------- High-capacity Storage Unit Improved Signal Interpreter > --- WEAPON ----------- Improved EM Shotgun Advanced Beam Cannon > --- INVENTORY -------- Reinforced Ion Engine Heavy Ion Engine Light Treads Cooling System Visual Processing Unit Light Armor Plating Improved Medium Laser Light EM Pulse Cannon Light EM Pulse Cannon Advanced Beam Cannon Grenade Launcher Flail [Rating: 18] Favorites ----------- Power Heavy Ion Engine Engine Heavy Ion Engine Propulsion Light Treads Treads Light Treads Leg Aluminum Leg Utility High-capacity Storage Unit Storage High-capacity Storage Unit Processor Improved Signal Interpreter Weapon Advanced Beam Cannon Energy Gun Medium Laser Energy Cannon Advanced Beam Cannon Ballistic Cannon Light Cannon Launcher Grenade Launcher Impact Weapon Heavy Hammer Build | -11 -10 -9 -9 ------- Run | Scr Mat Mat Sto Slots Evolved 2 | . . 2 . Power . | . . . . Propulsion 2 | . . 2 . Utility . | . . . . Weapon . | . . . . Parts Attached 87 | 6 11 13 57 Power 5 | 1 2 1 1 Engine 5 | 1 2 1 1 Core . | . . . . Reactor . | . . . . Propulsion 24 | 2 . 5 17 Treads 22 | 2 . 3 17 Leg 2 | . . 2 . Wheel . | . . . . Hover . | . . . . Flight . | . . . . Utility 5 | 1 1 3 . Device . | . . . . Storage 3 | 1 . 2 . Processor 2 | . 1 1 . Hackware . | . . . . Protection . | . . . . Artifact . | . . . . Weapon 53 | 2 8 4 39 Energy Gun 16 | 2 1 3 10 Energy Cannon 17 | . . 1 16 Ballistic Gun . | . . . . Ballistic Cannon 3 | . 3 . . Launcher 12 | . 4 . 8 Special Weapon . | . . . . Impact Weapon 5 | . . . 5 Slashing Weapon . | . . . . Piercing Weapon . | . . . . Special Melee Weapon . | . . . . Unidentified Prototypes 4 | . . 3 1 Parts Lost 7 | . . . 7 Power 1 | . . . 1 Propulsion 5 | . . . 5 Utility . | . . . . Weapon 1 | . . . 1 Highest Loss Streak 6 | . . . 6 Average Slot Usage (%) 97 | . 91 99 98 Engine 11 | . 14 11 10 Treads 38 | . 28 35 42 Leg 1 | . . 8 . Storage 11 | . 14 11 11 Processor 10 | . 5 11 11 Energy Gun 7 | . 10 15 3 Energy Cannon 10 | . . 4 14 Ballistic Cannon 1 | . 9 1 . Launcher 2 | . 8 . 1 Naked Turns . | . . . . Heaviest Build 48 | 11 13 47 48 Greatest Support 80 | 40 40 80 80 Greatest Overweight (x) 2 | . . . 2 Average Overweight (x) . | . . . . Largest Inventory Capacity 12 | 6 6 12 12 Average Capacity 10 | 5 6 11 12 Most Carried 12 | 4 6 12 12 Average Carried 9 | 3 5 9 11 Final Capacity 12 | 6 6 12 12 Final Carried 12 | 4 6 12 12 Class Distribution -------------------- 50% | Mutant 49% | Scavenger-Mutant Dominant Class ---------------- Mutant | -10/Materials Mutant | -9/Materials Scavenger-Mutant | -9/Storage Resources | -11 -10 -9 -9 ----------- Run | Scr Mat Mat Sto Matter Collected 1508 | 203 106 357 842 Remotely . | . . . . Salvage Created 2879 | . 217 630 2032 Parts 196 | . 19 40 137 Haulers Intercepted 4 | . . 1 3 Recyclers Shooed 4 | . 2 1 1 Parts Field Recycled . | . . . . Retrieved Matter . | . . . . Parts Self-Destructed . | . . . . Prevented . | . . . . Kills | -11 -10 -9 -9 ------- Run | Scr Mat Mat Sto Combat Hostiles Destroyed 66 | . 8 10 48 Melee 2 | . . . 2 Guns 19 | . 1 4 14 Cannons 25 | . 2 5 18 AOE 19 | . 5 1 13 Classes Destroyed 11 | . 6 4 1 Worker 5 | . 1 . 4 Builder 5 | . . 1 4 Hauler 4 | . . 1 3 Recycler 3 | . 1 2 . Operator 2 | . 1 . 1 Watcher 3 | . 1 . 2 Swarmer 9 | . 4 . 5 Grunt 39 | . 4 7 28 Brawler 2 | . . 1 1 Protector 2 | . . . 2 Sentry 14 | . . 2 12 Best Kill Streak 10 | . 5 3 10 Combat Bots Only 8 | . 4 2 8 Max Kills in Single Turn 4 | . 3 2 4 Gunslinging . | . . . . Exploded 3 | . 2 1 3 Melee 1 | . . . 1 Uniques/NPCs Destroyed . | . . . . Combat | -11 -10 -9 -9 -------- Run | Scr Mat Mat Sto Damage Taken 3053 | . 226 458 2369 Core 452 | . 25 115 312 Absorbed by Shields . | . . . . Core Remaining (%) 95 | 100 90 . . Volleys Fired 176 | . 26 35 115 Largest 2 | . 2 2 2 Hottest 136 | . 100 121 136 Shots Fired 332 | . 49 69 214 Gun 127 | . 15 47 65 Cannon 168 | . 29 22 117 Launcher 37 | . 5 . 32 Special . | . . . . Kinetic 29 | . 29 . . Thermal 177 | . 15 45 117 Explosive 37 | . 5 . 32 Electromagnetic 89 | . . 24 65 Robot Hit Streak 33 | . 9 33 29 Robot Miss Streak 7 | . 4 7 3 Penetration Max . | . . . . Secondary Targets . | . . . . Shots Hit Robots 208 | . 25 52 131 Core Hits 134 | . 20 22 92 Critical Hits 13 | . . 3 10 Critical Kills 11 | . . 3 8 Critical Parts Destroyed 1 | . . . 1 Melee Attacks 9 | . . . 9 Impact 9 | . . . 9 Slashing . | . . . . Piercing . | . . . . Sneak Attacks . | . . . . Combat Hostiles . | . . . . Follow-up Attacks . | . . . . Damage Inflicted 6458 | . 1162 899 4397 Guns 1465 | . 138 443 884 Cannons 1993 | . 233 330 1430 Explosions 2799 | . 791 126 1882 Melee 201 | . . . 201 Ramming . | . . . . Kinetic 233 | . 233 . . Thermal 2610 | . 649 519 1442 Explosive 2197 | . 280 47 1870 Electromagnetic 1217 | . . 333 884 Impact 201 | . . . 201 Slashing . | . . . . Piercing . | . . . . Highest Corruption 4 | . . 2 4 Average Corruption 3 | . . 2 3 Corruption Purged . | . . . . Effects 40 | . . 1 39 Message Errors 8 | . . . 8 Matter Fused 14 | . . . 14 Heat Flow Errors 1 | . . 1 . Energy Discharges 4 | . . . 4 Parts Rejected 1 | . . . 1 Data Loss (minor) 7 | . . . 7 Targeting Errors 5 | . . . 5 Overload Shots . | . . . . Overflow Damage 254 | . 150 15 89 Projectiles 14 | . 8 1 5 Explosions 202 | . 142 14 46 Melee 38 | . . . 38 Knockbacks 7 | . 5 . 2 Impact 1 | . . . 1 Kinetic 5 | . 5 . . Secondary 1 | . . . 1 Self-Inflicted Damage 403 | . 5 223 175 Shots 13 | . 1 4 8 Rammed . | . . . . Targets Rammed . | . . . . Kicked . | . . . . Crushed . | . . . . Highest Temperature 432 | . 180 288 432 Average Temperature 86 | . 34 83 96 Received Heat Transfer 1068 | . 63 120 885 Effects 11 | . . 4 7 Energy Bleed 2 | . . 1 1 Interference 8 | . . 3 5 Short Circuit 1 | . . . 1 Siege Activations . | . . . . Robots Corrupted 2 | . . . 2 Combat Hostiles 1 | . . . 1 Parts Fried 4 | . . . 4 Impact Corruptions 2 | . . . 2 Robots Melted . | . . . . Combat Hostiles . | . . . . Parts Melted 4 | . 2 . 2 Heat Transferred 4165 | . 707 883 2575 Parts Sabotaged . | . . . . Parts Stolen . | . . . . Parts Stripped . | . . . . Power Chain Reactions 4 | . . 2 2 Missiles Intercepted . | . . . . Alert | -11 -10 -9 -9 ------- Run | Scr Mat Mat Sto Peak Influence 969 | . 481 351 969 Initial 159 | . . 159 148 Average 450 | . 344 187 606 Maximum Alert Level 3 | . 2 1 3 Low Security (%) 19 | 100 12 54 2 Level 1 22 | . 42 45 10 Level 2 46 | . 44 . 66 Level 3 12 | . . . 21 Level 4 . | . . . . Level 5 . | . . . . High Security . | . . . . Max Security . | . . . . Squads Dispatched 12 | . 1 1 10 Investigation 2 | . . . 2 Extermination . | . . . . Reinforcement 5 | . 1 1 3 Assault 3 | . . . 3 Garrison 2 | . . . 2 Intercept . | . . . . Construction Impeded 2 | . . 1 1 Haulers Reinforced . | . . . . Stealth | -11 -10 -9 -9 --------- Run | Scr Mat Mat Sto Distress Signals 6 | . . . 6 Communications Jammed . | . . . . Distress Signals . | . . . . Times Spotted 93 | . 15 14 64 Peak Tracking Total 10 | . 5 4 10 Tactical Retreats 6 | . 5 . 1 Traps | -11 -10 -9 -9 ------- Run | Scr Mat Mat Sto Traps Triggered 2 | . . 1 1 Indirectly . | . . . . Trap Hack Attempts . | . . . . Triggered . | . . . . Disarmed . | . . . . Reprogrammed . | . . . . Reused . | . . . . Traps Extracted . | . . . . Installed . | . . . . Triggered . | . . . . Machines | -11 -10 -9 -9 ---------- Run | Scr Mat Mat Sto Machines Disabled 23 | . 13 3 7 Max in Single Turn 11 | . 11 2 1 Garrison Access 1 | . . . 1 Machines Sabotaged . | . . . . Garrisons Compromised . | . . . . Overloaded Fab Kills . | . . . . Fab Network Shutdowns . | . . . . Hacking | -11 -10 -9 -9 --------- Run | Scr Mat Mat Sto Machines Accessed 15 | . 5 1 9 Terminals 14 | . 5 1 8 Fabricators . | . . . . Repair Stations . | . . . . Recycling Units . | . . . . Scanalyzers . | . . . . Garrison Access 1 | . . . 1 Total Hacks 27 | . 8 2 17 Successful 14 | . 6 . 8 Failed 13 | . 2 2 9 Catastrophic 1 | . . . 1 Database Lockouts . | . . . . Manual . | . . . . Terminals 25 | . 8 2 15 Fabricators . | . . . . Repair Stations . | . . . . Recycling Units . | . . . . Scanalyzers . | . . . . Garrison Access 2 | . . . 2 Terminal Hacks 13 | . 6 . 7 Record 8 | . 5 . 3 Open Door 2 | . . . 2 Branch Access Points 1 | . 1 . . Alert Level 1 | . . . 1 Hauler Manifests 1 | . . . 1 Fabricator Hacks . | . . . . Repair Station Hacks . | . . . . Recycling Unit Hacks . | . . . . Scanalyzer . | . . . . Garrison Access Hacks 1 | . . . 1 Seal Access 1 | . . . 1 Unauthorized Hacks . | . . . . Terminals . | . . . . Fabricators . | . . . . Repair Stations . | . . . . Recycling Units . | . . . . Scanalyzers . | . . . . Garrison Access . | . . . . Data Cores Recovered . | . . . . Used . | . . . . Hacking Detections 8 | . 3 1 4 Full Trace Events 2 | . . . 2 Feedback Events . | . . . . Feedback Blocked . | . . . . Robot Schematics Acquired . | . . . . Robots Built . | . . . . Matter . | . . . . Time . | . . . . Total Robot Build Rating . | . . . . Part Schematics Acquired . | . . . . Parts Built . | . . . . Matter . | . . . . Time . | . . . . Total Part Build Rating . | . . . . Parts Repaired . | . . . . Time . | . . . . Parts Recycled . | . . . . Recycled Matter . | . . . . Retrieved Matter . | . . . . Retrieved Components . | . . . . Parts Scanalyzed . | . . . . Part Schematics Acquired . | . . . . Parts Damaged . | . . . . Bothacking | -11 -10 -9 -9 ------------ Run | Scr Mat Mat Sto Used RIF Installer . | . . . . Robots Hacked . | . . . . Non-combat . | . . . . Combat . | . . . . Robot Hacks Applied . | . . . . Relay Couplers Released . | . . . . Robots Rewired . | . . . . Allies Hacked . | . . . . Hacks Repelled . | . . . . Allies | -11 -10 -9 -9 -------- Run | Scr Mat Mat Sto Total Allies . | . . . . Largest Group . | . . . . Highest-Rated Group . | . . . . Highest-Rated Ally . | . . . . Total Orders . | . . . . Ally Attacks . | . . . . Total Damage . | . . . . Kills . | . . . . Allies Corrupted . | . . . . Allies Melted . | . . . . Intel | -11 -10 -9 -9 ------- Run | Scr Mat Mat Sto Robot Analysis Total . | . . . . Derelict Logs Recovered . | . . . . Drone Launches . | . . . . Drone Recoveries . | . . . . Exploration | -11 -10 -9 -9 ------------- Run | Scr Mat Mat Sto Turns Passed 3485 | 162 546 720 2057 Spaces Moved 1635 | 98 274 337 926 Core 6 | 6 . . . Treads 1611 | 92 274 319 926 Legs 18 | . . 18 . Wheels . | . . . . Hover . | . . . . Flight . | . . . . Fastest Speed 50 | 50 160 120 160 Average Speed 159 | 153 160 157 161 Slowest Speed 200 | 160 160 160 200 Overloaded Moves . | . . . . Propulsion Burnouts . | . . . . Robots Hopped . | . . . . Cave-ins Triggered . | . . . . Exploration Rate (%) 49 | 5 75 24 92 Regions Visited 3 Branch Regions 1 Pre-discovered Areas . | . . . . Known Exits Taken 2 | . 1 1 . Unknown Exits Taken 1 | 1 . . . Scrap Searched . | . . . . Spaces Dug 36 | . . . 36 Terrain Destroyed 353 | . 125 59 169 Melee . | . . . . Projectile 1 | . . . 1 AOE 352 | . 125 59 168 Terrain Rammed . | . . . . Walls Destroyed . | . . . . Machines Disabled . | . . . . Actions | -11 -10 -9 -9 --------- Run | Scr Mat Mat Sto Total 2149 | 107 331 462 1249 Wait 146 | . 8 36 102 Move 1632 | 97 273 336 926 Hop . | . . . . Pick Up 45 | 4 6 20 15 Fast Attach 35 | 6 4 8 17 Attach 9 | . 1 3 5 Detach 4 | . . 3 1 Swap 43 | . 6 2 35 Drop 50 | . 7 19 24 Fire 176 | . 26 35 115 Melee 9 | . . . 9 Ram . | . . . . Kick . | . . . . Crush . | . . . . Escape Stasis . | . . . . Rewire . | . . . . Trap . | . . . . Miscellaneous . | . . . . Route ------- -11/Scrapyard -10/Materials (discovered 4 exits: *Mat x2 / *Min x2) -9/Materials -9/Storage (discovered 1 exit: *Mat) History --------- Turn | Location | Event 45 | -11/Scrapyard | Discovered new exit (range 15) 163 | -11/Scrapyard | Entered Materials 301 | -10/Materials | Build established: Mutant 358 | -10/Materials | Discovered new exit (range 14) 448 | -10/Materials | Discovered new exit (range 3) 626 | -10/Materials | Identified exit to Mines 685 | -10/Materials | Discovered new exit (range 11) 707 | -10/Materials | Identified exit to Materials 709 | -10/Materials | Entered another Materials area 709 | -9/Materials | Evolved 2 slots: Propulsion x2 1154 | -9/Materials | Discovered new exit (range 6) 1193 | -9/Materials | Identified exit to Storage 1429 | -9/Materials | Entered Storage 1827 | -9/Storage | Discovered new exit (range 16) 1930 | -9/Storage | Identified exit to Materials 2081 | -9/Storage | Build established: Scavenger-Mutant 2229 | -9/Storage | First assault squad dispatched 2588 | -9/Storage | Core integrity fell below 50% 3036 | -9/Storage | Garrison activated, responded to threat 3053 | -9/Storage | Core integrity fell below 20% 3087 | -9/Storage | Lost 6 parts (1p4n1w) 3110 | -9/Storage | Destroyed 8 combat bots 3486 | -9/Storage | Destroyed by L-31 Rogue with Katana Last Messages --------------- 03432_ Acquired 52 matter. 03433_ Acquired 8 matter. 03435_ K-01 Serf collects debris. 03441_ K-01 Serf destroyed. 03450_ System corrupted: Matter fused (-10). 03450_ The unstable cave ceiling collapses. 03451_ Acquired 48 matter. 03457_ The unstable cave ceiling collapses. 03460_ G-34 Mercenary destroyed. 03474_ C-30 ARC bursts open, deploying its payload. 03474_ L-31 Rogue unfolds itself. 03474_ G-34 Mercenary unfolds itself. 03474_ I-25 Savior unfolds itself. 03474_ G-47 Trooper destroyed. 03474_ Destroyed Com. Battery. 03474_ G-34 Mercenary destroyed. 03474_ I-25 Savior destroyed. 03477_ The unstable cave ceiling collapses. 03477_ G-34 Mercenary destroyed. 03482_ The unstable cave ceiling collapses. Map ----- +----------------------------------------------------+ | | | | | | | | | | | | | | | | | | | | | | | | | | | ??????????????????????????????????????????######## | | ??????????????????????????????????????????# | | ??????????????????????????????????????????# = | | ??????????????????????????????????????????# | | ??????????????????????????????????????????# ! | | ????????????????##+#######+####???????????##+##"## | | ????????????????# +????????????# #? | | ????????????????# #????????????# #? | | ????????????????# #????????????# ## | | ????????????????# = % +????????????#* # | | ########?###??###|#####+### #????????????#%= !+ | | ###T######%# # ##############=% [## | | + % =# @lg % % ||*[[## | | ########## # # #####%###########%## | | """#??????###%# # #??# #?????????#[## | | """#????????# # + # #?????????#]## | | """#????????# ######### ###########+## | | """#????????# #??????# % ####### *=! | | """#????????# #??????## *= = ] # [% | | #????????# #???????# =% !# = " | | ########????##### #???????# % # """ | | ????????????# # #??##"""# # """ | | ###?????????+ # #??# # # """ | | ]]#?????????# # #??## # # | | ]]#??????????# #??# ##+##+####### | | [#??????????# #??# # #??? | | ##?????????# = #??# ]#??? | | T#?????????# !!#??## #### | | ##?????????####%#??# % %]]=%=% | | ###?????????????# ###### ##########" "########## | | ????????????????# % ##????????###### | | ????????????????#### ####????????????""" | | ???????????????????# #???????????#""" | | ???????????????????# #???????????#""" | | ???????????????????# #???????????#""" | | ???????#######?????#####%### #???????????#""" | | ######## #?????????#%#?# #???????????# | +----------------------------------------------------+ Best States ------------- Heat Dissipation 28 Energy Generation 14 Energy Capacity 280 Matter Stores 300 Matter Capacity 300 Sight Range 16 Terrain Scan Density 10 Evasion (%) 40 Recoil Reduction 4 Item Schematics ----------------- None Robot Schematics ------------------ None Fabricated ------------ Nothing Alien Tech Used ----------------- None Achievements -------------- It Was An Accident, I Swear Power Corrupts Remodeling Shopping List Challenges ------------ None Game ------ Seed RegenerativeRocketThrower Manual? 0 Play Time 01:19:55 Cumulative 9.1 hours Start 2021.11.26 @ 21:33:53 End 2021.11.26 @ 22:56:43 Sessions 1 Manual Loads 0 Difficulty Rogue Special Mode None Game No. 5 Rogue 5 Adventurer 0 Explorer 0 Win Type - Total 0 Types 0/0/0/0/0/0/0/0/0 Lore% 4 Gallery% 10 Achievement% 10 Wizard Run 0 Options --------- ASCII 0 Keyboard 0 Movement Numpad Keybinds 0 Fullscreen 1 Font 36/Smallcaps Map View 76x50 Tactical HUD 1 Map Filters NONE Filters NONE Steam 1 RUN: 7f8cf3db-8e7c-4b12-b631-448a19e5d0c4